 Dungeon Crawl Stone Soup version 0.32-a0-999-gfa1cc04b1d (webtiles) character file.

Game seed: 3679166968878503727

14 ragingrage the Ruffian (level 2, -1/22 HPs)
             Began as a Demigod Shapeshifter on Apr 24, 2024.
             Slain by a kobold
             ... wielding a +0 whip
              (4 damage)
             ... on level 1 of the Dungeon.
             The game lasted 00:00:28 (363 turns).

ragingrage the Ruffian (Demigod Shapeshifter)        Turns: 363, Time: 00:00:29

Health: -1/22      AC:  2    Str: 15    XL:     2   Next: 18%
Magic:  4/4        EV: 11    Int: 12    God:
Gold:   22         SH:  0    Dex: 13    Spells: 1/1 levels left

rFire   . .          .
                       - Unarmed
rCold   . . .        (no shield)
rNeg    . . .        a - +0 animal skin
rPois   .            (helmet currently unavailable)
rElec   .            (cloak currently unavailable)
rCorr   .            (gloves currently unavailable)
SInv    .            (boots currently unavailable)
Will    .....        (no amulet)
Stlth   +            (no ring)
HPRegen 0.23/turn    (no ring)
MPRegen 0.09/turn

%: no passive effects
@: beast-form
A: beast (slay +1), high MP 1, forlorn, divine attributes
a: Begin Untransformation


You were on level 1 of the Dungeon.
You were a hulking beast.
You visited 1 branch of the dungeon, and saw 1 of its levels.

You collected 22 gold pieces.

Inventory:

Hand Weapons
 b - a +0 sling
Armour
 a - a +0 animal skin (worn)
Talismans
 c - a beast talisman (active)
 d - a flux talisman
Scrolls
 e - a scroll of teleportation {unknown}
Potions
 f - a potion of lignification


   Skills:
 - Level 0.8 Fighting
 - Level 1.7 Dodging
 + Level 3.4 Unarmed Combat
 - Level 2.6 Shapeshifting


You had one spell level left.
You didn't know any spells.
Your spell library was empty.

Dungeon Overview and Level Annotations

Branches:
Dungeon (1/15)


Innate Abilities, Weirdness & Mutations

You are a hulking beast.
Your limbs bulge with bestial killing power. (Slay +1)
You have an increased reservoir of magic. (+10% MP)
You shall have no god before yourself.
Your divine heritage dramatically boosts your attributes as you level up.


Message History

A jackal comes into view.
As you open the door, it creaks loudly!
You hear a shout!
The jackal bites you but does no damage.
The jackal barely misses you. The jackal attacks as it pursues you!
The jackal barely misses you.
There is an open door here.
You hit the jackal. The jackal bites you.
You barely miss the jackal. The jackal bites you. x2
You hit the jackal. The kobold hits you with a +0 whip. The jackal bites you.
You hit the jackal but do no damage. The jackal closely misses you.
The kobold hits you with a +0 whip.
You hit the jackal.
You kill the jackal!
A goblin comes into view. It is wielding a +0 dagger.
The kobold hits you with a +0 whip.
You swing at nothing.
The kobold closely misses you.
You swing at nothing.
The kobold hits you but does no damage.
You swing at nothing.
The kobold closely misses you.
You swing at nothing.
A kobold comes into view. It is wielding a +0 whip.
The goblin hits you with a +0 dagger. The kobold hits you with a +0 whip.
You swing at nothing.
The kobold shouts!
A bat comes into view.
The goblin barely misses you. The kobold hits you but does no damage.
The bat moves out of view.
You swing at nothing.
The goblin barely misses you.
You swing at nothing.
The kobold hits you but does no damage.
You swing at nothing.
The goblin hits you with a +0 dagger. The kobold hits you with a +0 whip.
* * * LOW HITPOINT WARNING * * *
You swing at nothing.
The goblin barely misses you. The kobold closely misses you.
You swing at nothing.
The goblin hits you with a +0 dagger.
* * * LOW HITPOINT WARNING * * *
The kobold closely misses you.
You swing at nothing.
The goblin hits you with a +0 dagger.
* * * LOW HITPOINT WARNING * * *
The kobold hits you with a +0 whip.
You die...

#......# #............
#......###............
+.....................
#..............#######
###.†....###.....# #
..........# #.....#######
...h..K..## #......†....#
.......#†# #...........#
.......#h# #...........#
....!$hKg..############## # #.
........K..... # #.#..
...............# # #.#.#
.?............# #
#...###..............# #
###.....################ #
#...........# ##### #
#...........###############...#
#


You could see a jackal, a goblin and 2 kobolds.

Vanquished Creatures
  3 bats (D:1)
  An endoplasm (D:1)
  2 goblins (D:1)
  A hobgoblin (D:1)
  A jackal (D:1)
  2 quokkas (D:1)
  A ball python (D:1)
  A rat (D:1)
12 creatures vanquished.

Notes
Turn   | Place    | Note
-------+----------+-------------------------------------------
     0 | D:1      | ragingrage the Demigod Shapeshifter began the quest for the
                  | Orb.
     0 | D:1      | Reached XP level 1. HP: 15/15 MP: 3/3
   103 | D:1      | Reached skill level 3 in Unarmed Combat
   270 | D:1      | Reached XP level 2. HP: 22/22 MP: 4/4
   363 | D:1      | Slain by a kobold

Illustrated notes

Levels and vault maps discovered:
D:1:      evilmike_arrival_hilbert_curve, layout_basic

Skill      XL: |  1 |
---------------+----+-----
Unarmed Combat | 3 |  3.4
Fighting       | |  0.8
Dodging        | |  1.7
Shapeshifting  | |  2.6

Action                     || total
---------------------------++-------
  Melee: Unarmed           ||    23
   Fire: Sling             ||     4
 Armour: Animal skin       ||    36
  Dodge: Dodged            ||    21

Table legend: (Time is in decaauts)
 A = Elapsed time spent in this place.
 B = Non-inter-level travel time spent in this place.
 C = Inter-level travel time spent in this place.
 D = Time resting spent in this place.
 E = Time spent auto-exploring this place.
 F = Levels seen in this place.
 G = Mean time per level.
                   A        B        C        D        E       F      G
               +--------+--------+--------+--------+--------+-----+--------+
         Total |    360 |    360 |      0 |      0 |    230 |   1 |  360.0 |
       Dungeon |    360 |    360 |      0 |      0 |    230 |   1 |  360.0 |
               +--------+--------+--------+--------+--------+-----+--------+

Top non-repeatable levels by time:
     D:1: 360 daAuts
